 Dungeon Crawl Stone Soup version 0.28.0-53-g5a82cb258f (webtiles) character file.

Game seed: 16410317282521886562

14330 jiml777 the Geomancer (level 12, 0/66 (68) HPs)
             Began as a Gargoyle Earth Elementalist on June 9, 2022.
             Was an Elder of Cheibriados.
             Slain by an orc warrior
             ... wielding a +0 dire flail
              (10 damage)
             ... on level 1 of the Orcish Mines.
             The game lasted 01:24:08 (14671 turns).

jiml777 the Geomancer (GrEE)                       Turns: 14671, Time: 01:24:09

HP:   0/66 (68)     AC: 18    Str: 23    XL:     12   Next: 15%
MP:   13/22         EV: 12    Int: 28    God:    Cheibriados [****..]
Gold: 511           SH:  0    Dex: 19    Spells: 12/25 levels left

rFire   . . .      SeeInvis .   J - +5 falchion "Ohura" {vorpal, rPois}
rCold   . . .      Faith    .   (no shield)
rNeg    + + .      Spirit   .   j - +0 acid dragon scales
rPois   ∞          Reflect  .   (no helmet)
rElec   +          Harm     .   E - +0 cloak
rCorr   +          Rampage  .   A - +0 pair of gloves
Will    .....                   (no boots)
Stlth   +++.......              D - amulet of the acrobat
HPRegen 0.21/turn               m - ring of resist corrosion
MPRegen 0.18/turn               z - ring of positive energy

@: lightly drained, very slow
A: sickness immunity, AC +8, negative energy resistance 1, electricity
resistance, torment resistance 1, petrification resistance, passive freeze
a: Renounce Religion, Bend Time, Temporal Distortion, Slouch


You were on level 1 of the Orcish Mines.
You worshipped Cheibriados.
Cheibriados was greatly pleased with you.
You visited 3 branches of the dungeon, and saw 11 of its levels.

You collected 910 gold pieces.
You spent 399 gold pieces at shops.

Inventory:

Hand Weapons
 f - a +0 vorpal hunting sling
 l - a +0 vampiric long sword
 u - the +3 dagger of the Unliving {venom, rF+ Will- rCorr}
   (You found it on level 3 of the Dungeon)

   It poisons the flesh of those it strikes.
   rF:        It protects you from fire.
   rCorr:     It protects you from acid and corrosion.
   Will:      It decreases your willpower.
 J - the +5 falchion "Ohura" (weapon) {vorpal, rPois}
   (You bought it in a shop on level 5 of the Dungeon)

   It inflicts extra damage upon your enemies.
   rPois:     It protects you from poison.
Missiles
 a - 59 sling bullets
 c - 235 stones
 h - 2 throwing nets
 i - 121 bolts
 n - 228 arrows
 C - 29 poisoned darts
 I - 2 atropa-tipped darts
Armour
 b - a +0 robe
 d - a +0 leather armour
 j - +0 acid dragon scales (worn)
 o - a +0 kite shield
 r - a +1 robe of fire resistance
 A - a +0 pair of gloves (worn)
 E - a +0 cloak (worn)
Jewellery
 m - a ring of resist corrosion (left hand)
 z - a ring of positive energy (right hand)
 B - an amulet of faith
 D - an amulet of the acrobat (around neck)
Wands
 e - a wand of mindburst (6)
 v - a wand of polymorph (11)
 y - a wand of acid (5)
Scrolls
 k - a scroll of identify
 q - 5 scrolls of magic mapping
 s - a scroll of teleportation
 w - 2 scrolls of amnesia
 H - a scroll of brand weapon
Potions
 g - a potion of flight
 p - a potion of brilliance
 t - a potion of invisibility
 x - 2 potions of lignification
 F - a potion of curing
 G - a potion of resistance


   Skills:
 * Level 5.4 Fighting
 + Level 6.3(6.6) Short Blades
 * Level 2.4(4.7) Long Blades
 + Level 1.3(1.9) Axes
 + Level 1.4(2.1) Maces & Flails
 + Level 1.2(1.9) Polearms
 + Level 1.4(2.0) Staves
 + Level 1.2(1.5) Slings
 + Level 1.4 Bows
 + Level 1.4 Crossbows
 + Level 1.2(1.5) Throwing
 * Level 5.3 Armour
 - Level 2.1 Dodging
 + Level 5.2 Stealth
 + Level 2.0 Shields
 + Level 1.4 Unarmed Combat
 + Level 7.2 Spellcasting
 + Level 5.1 Conjurations
 + Level 1.2 Hexes
 + Level 1.2 Summonings
 + Level 1.1 Necromancy
 + Level 1.2 Translocations
 + Level 4.6 Transmutations
 + Level 1.4 Fire Magic
 * Level 3.3 Ice Magic
 * Level 2.2 Air Magic
 - Level 10.9 Earth Magic
 + Level 1.4 Poison Magic
 + Level 1.7 Invocations
 + Level 1.3 Evocations


You had 12 spell levels left.
You knew the following spells:

 Your Spells              Type           Power      Damage    Failure   Level
a - Sandblast             Erth           100%       2d20      1%          1
b - Passwall              Tmut/Erth      43%        N/A       1%          2
c - Stone Arrow           Conj/Erth      100%       3d13      1%          3
d - Petrify               Tmut/Erth      52%        N/A       2%          4
e - Ozocubu's Armour      Ice            28%        N/A       4%          3

Your spell library contained the following spells:

 Spells                   Type           Power      Damage    Failure   Level
 Shock                    Conj/Air       100%       1d9       1%          1
 Swiftness                Air            22%        N/A       8%          3
 Hailstorm                Conj/Ice       33%        3d8       12%         4
 Ice Form                 Ice/Tmut       32%        N/A       13%         4
 Irradiate                Conj/Tmut      18%        3d20      24%         5
 Airstrike                Air            11%        N/A       26%         4
 Blade Hands              Tmut           18%        N/A       26%         5
 Simulacrum               Ice/Necr       11%        N/A       99%         6
 Dragon Form              Tmut           18%        N/A       100%        7
 Ozocubu's Refrigeration  Ice            14%        4d7       100%        7


Dungeon Overview and Level Annotations

Branches:
Dungeon (9/15)             Temple (1/1) D:7             Orc (1/2) D:9
   Lair: D:8-11

Altars:
Ashenzari
Cheibriados
Dithmenos
Elyvilon
Fedhas
Gozag
Hepliaklqana
Kikubaaqudgha
Makhleb
Nemelex Xobeh
Okawaru
Qazlal
Ru
Sif Muna
Trog
Vehumet
Wu Jian
Xom
Yredelemnul
The Shining One
Beogh

Shops:
D:4 ?   D:5 *([[   D:6 *=

Annotations:
D:5 1 runed translucent door
D:9 1 runed translucent door, Icepheonix32's ghost, novice DrFE


Innate Abilities, Weirdness & Mutations

You are immune to sickness and miasma.
Your stone body is resilient. (AC +8)
You are immune to poison.
You resist negative energy. (rN+)
You are resistant to electric shocks. (rElec)
You are resistant to unholy torment.
You are immune to petrification.
A frigid envelope surrounds you and freezes all who hurt you.


Message History

You closely miss the orc sorcerer.
The orc sorcerer hits you but does no damage.
The orc sorcerer is very cold.
The orc sorcerer is moderately wounded.
Casting: Stone Arrow (safe; 1% risk of failure)
Confirm with . or Enter, or press ? or * to list all spells.
Aiming: Stone Arrow (safe; 1% risk of failure)
Press: ? - help, Shift-Dir - straight line, f - orc sorcerer
Aim: an orc sorcerer, wielding a +0 dagger and wearing a +0 robe (moderately wounded, 72% to hit)
The stone arrow hits the orc sorcerer.
The orc sorcerer is moderately wounded.
The orc warrior hits you with a +0 dire flail!
The orc warrior is very cold.
The orc warrior is moderately wounded.
Casting: Stone Arrow (safe; 1% risk of failure)
Confirm with . or Enter, or press ? or * to list all spells.
Aiming: Stone Arrow (safe; 1% risk of failure)
Press: ? - help, Shift-Dir - straight line, f/p - orc sorcerer
Aim: an orc sorcerer, wielding a +0 dagger and wearing a +0 robe (moderately wounded, 72% to hit)
The stone arrow hits the orc sorcerer!
The orc sorcerer is severely wounded.
The orc closely misses you.
The orc shoots a stone.
The stone hits you.
The orc sorcerer points at you and mumbles some strange words.
The bolt of fire hits you!!
Ouch! That really hurt!
* * * LOW HITPOINT WARNING * * *
The orc warrior hits you but does no damage.
The orc warrior is very cold.
The orc warrior is severely wounded.
Casting: Stone Arrow (safe; 1% risk of failure)
Confirm with . or Enter, or press ? or * to list all spells.
Aiming: Stone Arrow (safe; 1% risk of failure)
Press: ? - help, Shift-Dir - straight line, f/p - orc sorcerer
Aim: an orc sorcerer, wielding a +0 dagger and wearing a +0 robe (severely wounded, 72% to hit)
The stone arrow hits the orc sorcerer!
You kill the orc sorcerer!
Cheibriados appreciates the change of pace.
The orc shoots a stone.
The stone barely misses you. The orc misses you.
The orc warrior hits you with a +0 dire flail!
You die...

..# ..## ... #.# ##.## #...#
##...#### ....## ##.#)###.##
.....##### #.[@).....#
.....#...#.# ##o[o....##
............##..o.#...##
................)..#...##
...#.........#.#o).#....#
..#.........###...#.#..####
o.........###....#....###.##
#.#...#..##.....#..........#
...#.#.....................#


You could see an orc warrior and 3 orcs.

Vanquished Creatures
  Harold (D:8)
  A two-headed ogre (D:9)
  2 orc knights
  Pikel (D:4)
  3 orc sorcerers
  Maurice (D:8)
  A kobold demonologist (D:9)
  Prince Ribbit (D:7)
  4 wyverns
  A yak (D:8)
  Eustachio (D:6)
  A steam dragon (D:8)
  2 swamp worms (D:7)
  A warg (Orc:1)
  An acid dragon (D:8)
  The ghost of bnorton916 the Magician, an amateur DEFE (D:5)
  4 water moccasins (D:8)
  12 orc warriors
  A sky beast (D:3)
  2 black bears
  A necrophage (D:6)
  4 centaurs
  3 ogres
  A phantom (D:6)
  2 kobold brigands
  3 bullfrogs
  A scorpion (D:6)
  A wyvern skeleton (D:6)
  A water moccasin skeleton (D:5)
  16 killer bees
  A howler monkey (D:6)
  10 wights
  A centaur zombie (D:9)
  5 bullfrog zombies
  2 hounds (D:6)
  7 orc priests
  A bullfrog skeleton (D:7)
  2 jellies
  3 centaur skeletons
  2 gnoll shamans
  An iguana (D:5)
  7 orc wizards
  A hound skeleton (D:5)
  A howler monkey zombie (D:7)
  9 gnolls
  12 adders
  A shadow imp (D:8)
  2 white imps
  An ufetubus (D:6)
  A worm (D:2)
  A dart slug (D:5)
  51 orcs
  5 endoplasms
  5 giant cockroaches
  6 goblins
  5 hobgoblins
  3 jackals (D:4)
  18 kobolds
  4 quokkas
  6 ball pythons
  2 bats (D:1)
  3 frilled lizards
  4 rats
258 creatures vanquished.

Vanquished Creatures (others)
  An orc (Orc:1)
  3 plants (D:7)
4 creatures vanquished.

Grand Total: 262 creatures vanquished

Notes
Turn   | Place    | Note
-------+----------+-------------------------------------------
     0 | D:1      | jiml777 the Gargoyle Earth Elementalist began the quest for
                  | the Orb.
     0 | D:1      | Reached XP level 1. HP: 10/10 MP: 3/3
   400 | D:1      | Reached XP level 2. HP: 15/15 MP: 3/5
   921 | D:1      | Reached skill level 4 in Earth Magic
  1078 | D:2      | Reached XP level 3. HP: 20/20 MP: 6/6
  1924 | D:3      | Reached skill level 1 in Fighting
  2004 | D:3      | Reached XP level 4. HP: 25/25 MP: 6/8
  2018 | D:3      | Reached skill level 1 in Short Blades
  2018 | D:3      | Reached skill level 1 in Armour
  2441 | D:3      | Found a faded altar of an unknown god.
  2446 | D:3      | Found a blossoming altar of Fedhas.
  2555 | D:3      | Identified the +3 dagger of the Unliving {venom, rF+ Will-
                  | rCorr}
  2647 | D:3      | Found a faded altar of an unknown god.
  2674 | D:3      | Found a bloodstained altar of Trog.
  2675 | D:3      | Noticed a sky beast
  2685 | D:3      | Killed a sky beast
  2686 | D:3      | Reached XP level 5. HP: 26/29 MP: 6/9
  3088 | D:4      | Noticed a lemure
  3260 | D:4      | Noticed a lemure
  3260 | D:4      | Noticed a lemure
  3412 | D:4      | Noticed a black bear
  3418 | D:4      | Killed a black bear
  3419 | D:4      | Reached XP level 6. HP: 31/34 MP: 4/10
  3513 | D:4      | Reached skill level 5 in Earth Magic
  3585 | D:4      | Noticed Pikel
  3613 | D:4      | HP: 1/34 [Pikel/+0 whip of freezing (3)]
  3614 | D:4      | Gained mutation: A frigid envelope surrounds you and
                  | freezes all who hurt you. [potion of mutation]
  3617 | D:4      | Killed Pikel
  3618 | D:4      | Reached skill level 6 in Earth Magic
  3618 | D:4      | Reached XP level 7. HP: 8/39 MP: 5/12
  4082 | D:4      | Found Telukyas's Magic Scroll Shop.
  4088 | D:4      | Bought a scroll of identify for 22 gold pieces
  4088 | D:4      | Bought a scroll of magic mapping for 38 gold pieces
  4088 | D:4      | Bought a scroll of amnesia for 38 gold pieces
  4088 | D:4      | Bought a scroll of identify for 22 gold pieces
  4088 | D:4      | Bought a scroll of teleportation for 33 gold pieces
  4088 | D:4      | Bought a scroll of identify for 22 gold pieces
  4331 | D:5      | Entered Level 5 of the Dungeon
  4331 | D:5      | Found a runed translucent door.
  4351 | D:5      | Noticed bnorton916's ghost (amateur DEFE)
  4371 | D:5      | Killed bnorton916's ghost
  4372 | D:5      | Reached XP level 8. HP: 33/44 MP: 13/13
  4377 | D:5      | Found a runed translucent door.
  4485 | D:5      | Found Qieritz's Antique Weapon Boutique.
  4485 | D:5      | Found Joacic's Antique Armour Boutique.
  4485 | D:5      | Found Liacecs's General Store.
  4485 | D:5      | Found Ywim's Armour Boutique.
  5371 | D:6      | Reached skill level 7 in Earth Magic
  5616 | D:6      | Found Tireotzu's CLEARANCE SALE!.
  5996 | D:6      | Identified the +7 falchion "Lyridoov" {flame, *Rage rPois
                  | rF++ Str+3}
  6181 | D:6      | Reached XP level 9. HP: 45/50 MP: 13/16
  6186 | D:6      | Reached skill level 5 in Short Blades
  6258 | D:6      | Noticed Eustachio
  6273 | D:6      | Killed Eustachio
  6274 | D:6      | Reached skill level 5 in Spellcasting
  6310 | D:6      | Found Jeil Dua's Jewellery Shop.
  6365 | D:6      | Found a burning altar of Makhleb.
  6478 | D:6      | Reached skill level 8 in Earth Magic
  7023 | D:7      | Found a staircase to the Ecumenical Temple.
  7037 | Temple   | Entered the Ecumenical Temple
  7097 | Temple   | Became a worshipper of Cheibriados the Contemplative
  7351 | D:7      | Found a white marble altar of Elyvilon.
  7388 | D:7      | Learned a level 2 spell: Passwall
  7392 | D:7      | Learned a level 3 spell: Stone Arrow
  7397 | D:7      | Learned a level 4 spell: Petrify
  7416 | D:7      | Noticed Prince Ribbit
  7419 | D:7      | Killed Prince Ribbit
  7420 | D:7      | Reached skill level 1 in Transmutations
  7488 | D:7      | Reached skill level 1 in Conjurations
  8023 | D:7      | Reached * piety under Cheibriados
  8484 | D:7      | Found a sparkling altar of Nemelex Xobeh.
  8512 | D:7      | Reached skill level 9 in Earth Magic
  8776 | D:7      | Reached XP level 10. HP: 56/56 MP: 17/19
  8776 | D:7      | Reached skill level 1 in Long Blades
  8776 | D:7      | Reached skill level 1 in Axes
  8776 | D:7      | Reached skill level 1 in Maces & Flails
  8776 | D:7      | Reached skill level 1 in Polearms
  8776 | D:7      | Reached skill level 1 in Staves
  8776 | D:7      | Reached skill level 1 in Slings
  8776 | D:7      | Reached skill level 1 in Bows
  8776 | D:7      | Reached skill level 1 in Crossbows
  8776 | D:7      | Reached skill level 1 in Throwing
  8776 | D:7      | Reached skill level 1 in Unarmed Combat
  8776 | D:7      | Reached skill level 1 in Hexes
  8776 | D:7      | Reached skill level 1 in Summonings
  8776 | D:7      | Reached skill level 1 in Necromancy
  8776 | D:7      | Reached skill level 1 in Translocations
  8776 | D:7      | Reached skill level 1 in Fire Magic
  8776 | D:7      | Reached skill level 1 in Air Magic
  8776 | D:7      | Reached skill level 1 in Poison Magic
  8776 | D:7      | Reached skill level 1 in Invocations
  8776 | D:7      | Reached skill level 1 in Evocations
  8776 | D:7      | Reached XP level 11. HP: 61/61 MP: 17/20
  9270 | D:8      | Noticed Harold
  9283 | D:8      | Killed Harold
  9284 | D:8      | Reached skill level 10 in Earth Magic
  9289 | D:8      | Reached skill level 5 in Stealth
  9685 | D:8      | Reached ** piety under Cheibriados
 10482 | D:8      | HP: 2/62 [acid dragon/splash of acid (5)]
 10784 | D:8      | Noticed Maurice
 10796 | D:8      | Killed Maurice
 11215 | D:9      | Noticed a two-headed ogre
 11220 | D:9      | Killed a two-headed ogre
 11221 | D:9      | Reached skill level 5 in Fighting
 11295 | D:9      | Found a runed translucent door.
 11295 | D:9      | Noticed Icepheonix32's ghost (novice DrFE)
 11374 | D:9      | Reached *** piety under Cheibriados
 11420 | D:9      | Found an opulent altar of Gozag.
 11548 | D:9      | Found a shimmering blue altar of Sif Muna.
 12092 | D:9      | Found a staircase to the Orcish Mines.
 12499 | D:9      | Reached skill level 5 in Conjurations
 12878 | D:5      | Bought a crude falchion for 224 gold pieces
 12878 | D:5      | Identified the +5 falchion "Ohura" {vorpal, rPois} (You
                  | bought it in a shop on level 5 of the Dungeon)
 13008 | Orc:1    | Entered Level 1 of the Orcish Mines
 13008 | Orc:1    | Noticed an orc knight
 13384 | D:9      | Killed an orc knight
 13673 | Orc:1    | Reached **** piety under Cheibriados
 13681 | Orc:1    | Reached XP level 12. HP: 37/68 MP: 7/22
 13699 | Orc:1    | Reached skill level 5 in Armour
 13735 | Orc:1    | Learned a level 3 spell: Ozocubu's Armour
 14671 | Orc:1    | Slain by an orc warrior

Illustrated notes

Levels and vault maps discovered:
D:1:      nicolae_arrival_memento_mori, layout_basic, hex_tiny
D:2:      layout_basic
D:3:      layout_basic, nicolae_overflow_ecumenical_swirl, trog_book,
          hellmonk_ecumenical_altar_leap_of_faith, grunt_ministairs_1
D:4:      layout_loops_cross, serial_shops, nicolae_shop_statue_plus,
          kennysheep_opposing_triangles, uniq_pikel
D:5:      layout_loops_cross, ebering_ghost_sewer_f, minivault_11,
          minmay_shop_grid_forest
D:6:      layout_basic, makhleb_blood_cavern_becter, serial_shops,
          nicolae_shop_hallway_stairs, st_stairs_12, glass_columns_b,
          nicolae_shop_clearance, uniq_eustachio
D:7:      layout_gridville, elyvilon_altar_5, mainiacjoe_overflow_brackets,
          temple_pool_b, minmay_door_square, hangedman_decor_lopped,
          worms_lemuel, uniq_prince_ribbit1
D:8:      layout_basic, kennysheep_kite_vault, uniq_maurice, uniq_harold
D:9:      layout_roguey, grunt_gozag_statues, mainiacjoe_overflow_chevrons,
          minmay_orc_entry_temple_small, hellmonk_ghost_happy_afterlife
Temple:   cyrus_circular_temple
Orc:1:    layout_caves, rock_pile

Skill      XL: |  1  2  3  4  5  6  7  8  9 10 11 12 |
---------------+-------------------------------------+-----
Earth Magic    | 4 6 7 9 10 | 10.9
Fighting       | 1 2 3 4 5 |  5.4
Short Blades   | 2 3 4 5 6 |  6.3
Armour         | 1 2 3 4 5 |  5.3
Dodging        | 2 |  2.1
Stealth        | 3 4 5 |  5.2
Spellcasting   | 3 4 6 7 |  7.2
Transmutations | 2 3 4 |  4.6
Conjurations   | 2 3 5 |  5.1
Long Blades    | 1 2 |  2.4
Axes           | 1 |  1.3
Maces & Flails | 1 |  1.4
Polearms       | 1 |  1.2
Staves         | 1 |  1.4
Slings         | 1 |  1.2
Bows           | 1 |  1.4
Crossbows      | 1 |  1.4
Throwing       | 1 |  1.2
Shields        | 2 |  2.0
Unarmed Combat | 1 |  1.4
Hexes          | 1 |  1.2
Summonings     | 1 |  1.2
Necromancy     | 1 |  1.1
Translocations | 1 |  1.2
Fire Magic     | 1 |  1.4
Ice Magic      | 2 3 |  3.3
Air Magic      | 1 2 |  2.2
Poison Magic   | 1 |  1.4
Invocations    | 1 |  1.7
Evocations     | 1 |  1.3

Action                   |  1- 3 |  4- 6 |  7- 9 | 10-12 || total
-------------------------+-------+-------+-------+-------++-------
Melee: Unarmed           |    17 |       |       |       ||    17
       Rapier            |    46 |    36 |       |       ||    82
       Hand axe          |     9 |       |       |       ||     9
       Punch             |     1 |       |     9 |     4 ||    14
       Dagger            |       |    68 |   238 |   160 ||   466
       Falchion          |       |       |       |    29 ||    29
 Cast: Sandblast         |    14 |    13 |    45 |    65 ||   137
       Stone Arrow       |       |       |     7 |    78 ||    85
Invok: Bend Time         |       |       |       |     2 ||     2
Evoke: Wand              |       |       |     1 |       ||     1
  Use: Potion            |       |     3 |     2 |     3 ||     8
       Scroll            |       |       |    16 |     8 ||    24
 Stab: Sleeping          |     5 |     2 |     3 |     1 ||    11
       Distracted        |       |       |       |     1 ||     1
Armor: Leather armour    |    30 |    49 |    86 |    19 ||   184
       Acid dragon scale |       |       |       |    57 ||    57
       Robe              |       |       |       |    16 ||    16
       Skin              |       |       |       |     5 ||     5
Dodge: Dodged            |    48 |    59 |   133 |   220 ||   460
